 Dungeon Crawl Stone Soup version 0.29.1-2-gbd0b4ee654 (webtiles) character file.

Game seed: 15080732473881436370

119684 fleeber the Severer (level 16, -10/155 HPs)
             Began as a Minotaur Berserker on Oct 31, 2022.
             Was an Elder of Trog.
             Killed from afar by Aizul (36 damage)
             ... with a bolt of poison
             ... on level 1 of the Spider Nest on Nov 4, 2022.
             The game lasted 02:42:05 (39312 turns).

fleeber the Severer (Minotaur Berserker)           Turns: 39312, Time: 02:42:06

Health: -10/155    AC: 25    Str: 33    XL:     16   Next: 28%
Magic:  3/13       EV: 10    Int:  4    God:    Trog [****..]
Gold:   1540       SH: 23    Dex: 11    Spells: 15/15 levels left

rFire   + . .      SeeInvis +   W - +3 war axe (flame)
rCold   + . .      Faith    .   z - +5 kite shield of the Learner {Will+}
rNeg    . . .      Spirit   .   V - +3 plate armour {rF+}
rPois   .          Reflect  +   (helmet restricted)
rElec   .          Harm     .   t - +0 cloak
rCorr   +          Rampage  .   J - +0 pair of gloves {infuse}
Will    ++++.                   U - +1 pair of boots of the Desert {rC+ Str+4}
Stlth   ..........              K - amulet of reflection
HPRegen 1.35/turn               d - ring of resist corrosion
MPRegen 0.13/turn               a - ring of see invisible

@: mighty, lethally poisoned (-10 -> -30), strong-willed, spiked, regenerating
A: horns 2, retaliatory headbutt, low MP 1, passive freeze, MP-powered wands
a: Renounce Religion, Berserk, Trog's Hand, Brothers in Arms


You were on level 1 of the Spider Nest.
You worshipped Trog.
Trog was greatly pleased with you.
You visited 4 branches of the dungeon, and saw 23 of its levels.

You collected 2090 gold pieces.
You spent 550 gold pieces at shops.

Inventory:

Hand Weapons
 P - a +0 broad axe
 W - a +3 war axe of flaming (weapon)
Missiles
 k - 195 stones (quivered)
 G - a throwing net
Armour
 t - a +0 cloak (worn)
 z - the +5 kite shield of the Learner (worn) {Will+}
   (You found it on level 5 of the Dungeon)

   Will:      It increases your willpower.
 J - a +0 pair of gloves of infusion (worn)
 U - the +1 pair of boots of the Desert (worn) {rC+ Str+4}
   (You bought it in a shop on level 2 of the Orcish Mines)

   Str:       It affects your strength (+4).
   rC:        It protects you from cold.
 V - a +3 plate armour of fire resistance (worn)
Jewellery
 a - a ring of see invisible (right hand)
 d - a ring of resist corrosion (left hand)
 K - an amulet of reflection (around neck)
Wands
 u - a wand of iceblast (13)
 v - a wand of acid (13)
 M - a wand of polymorph (8)
 O - a wand of paralysis (11)
 R - a wand of flame (14)
 T - a wand of mindburst (16)
Scrolls
 c - 8 scrolls of magic mapping
 g - 4 scrolls of butterflies
 i - 4 scrolls of immolation
 j - 3 scrolls of enchant armour
 l - 18 scrolls of teleportation
 p - 2 scrolls of silence
 s - a scroll of enchant weapon
 w - 5 scrolls of amnesia
 y - 3 scrolls of fear
 A - 3 scrolls of blinking
 C - a scroll of poison
 E - 3 scrolls of vulnerability
 I - a scroll of torment
 L - 4 scrolls of noise
 N - 2 scrolls of summoning
 S - 2 scrolls of acquirement
Potions
 b - 4 potions of mutation
 e - a potion of berserk rage
 f - 11 potions of curing
 h - 2 potions of invisibility
 m - 4 potions of flight
 n - 9 potions of ambrosia
 o - 7 potions of brilliance
 q - a potion of heal wounds
 x - 3 potions of might
 B - 2 potions of lignification
 D - 2 potions of haste
 F - 2 potions of attraction
Miscellaneous
 H - a phial of floods
 Q - a lightning rod (4/4)
 X - a tin of tremorstones (2/2)


   Skills:
 * Level 17.4 Fighting
 - Level 18.0 Axes
 + Level 13.7 Armour
 * Level 8.1 Dodging
 + Level 17.1 Shields
 * Level 8.6 Evocations


You had 15 spell levels left.
You didn't know any spells.
Your spell library was empty.

Dungeon Overview and Level Annotations

Branches:
Dungeon (15/15)            Temple (0/1) D:7            Lair (5/5) D:8
  Swamp (0/4) Lair:3       Spider (1/4) Lair:2        Slime (0/5) Lair:5
    Orc (2/2) D:11            Elf (0/3) Orc:2        Vaults (0/5) D:13
 Depths (0/4) D:15

Altars:
Ashenzari
Cheibriados
Hepliaklqana
Kikubaaqudgha
Makhleb
Nemelex Xobeh
Okawaru
Qazlal
Ru
Sif Muna
Uskayaw
Vehumet
Xom
Yredelemnul

Shops:
D:6 (   D:7 [   Orc:2 [(*=

Portals:
Trove: D:10 (give +2 shadow dragon scales)

Annotations:
Lair:2 3 runed translucent doors, hawla's ghost, journeyman MeFE
Spider:1 Aizul


Innate Abilities, Weirdness & Mutations

You have a pair of horns on your head.
You reflexively headbutt those who attack you in melee.
Your magical capacity is low. (-10% MP)
A frigid envelope surrounds you and freezes all who hurt you.
You expend magic power (3 MP) to strengthen your wands.


Message History

The steelbarb worm hits you but does no damage.
The steelbarb worm is very cold.
The steelbarb worm is lightly wounded.
You slash Aizul! You burn Aizul! Your headbutt misses Aizul.
Aizul is almost dead.
You slash the steelbarb worm! You burn the steelbarb worm.
You slash the demonic crawler!
You kill the demonic crawler!
Trog accepts your kill. You block Aizul's attack.
Your ogre misses Aizul. You miss Aizul.
Aizul is almost dead.
You barely miss the steelbarb worm.
Your ogre looks more healthy.
Aizul hits you but does no damage.
Aizul is very cold.
Aizul is almost dead.
The steelbarb worm hits you!
Barbed spikes become lodged in your body.
The steelbarb worm is very cold.
The steelbarb worm is moderately wounded.
Your ogre closely misses Aizul.
Aizul casts a spell at you. The bolt of poison hits you!!
You are poisoned.
* * * LOW HITPOINT WARNING * * *
You feel better. You block the steelbarb worm's attack.
Aizul casts a spell at you. The poison arrow hits you!!!
You are poisoned.
* * * LOW HITPOINT WARNING * * *
Your ogre completely misses Aizul.
The steelbarb worm hits you but does no damage.
The steelbarb worm is very cold.
The steelbarb worm is moderately wounded.
You feel much better.
You feel very sick.
Aizul coils herself and waves her upper body at you.
The bolt of poison hits you!!!
You are more poisoned.
You die...

##################
.......#..^......##
..................#
.......†.....#..###
.......^.....######
......##..#.....#.#####
.#..#####.##.......#..#####
.#### ####...w..##...##.#
## . ##..†@......#..##
...^#..SO..........#
#................###
..............#####
..............#...#
~####^.####......## ####
##....## . ##...# . ##..#


You could see Aizul (ally target), a steelbarb worm and a friendly ogre
(summoned, berserk).

Vanquished Creatures
  An emperor scorpion (D:15)
  Louise (Spider:1)
  An orc warlord (Orc:1)
  An entropy weaver (Spider:1)
  2 spark wasps (Spider:1)
  2 dire elephants
  Snorg (Lair:4)
  4 hydras
  An ogre mage (D:15)
  A centaur warrior (D:15)
  3 boulder beetles
  3 catoblepae
  A death knight (D:13)
  17 death yaks
  Erica (D:10)
  8 two-headed ogres
  A deep troll shaman (Lair:5)
  Urug (D:11)
  2 tengu warriors
  2 orc high priests (Orc:2)
  A sun moth (Spider:1)
  Amaemon (D:11)
  4 skeletal warriors
  A pharaoh ant (Spider:1)
  2 steelbarb worms (Spider:1)
  A deep troll (shapeshifter) (D:14)
  Pikel (D:6)
  2 lindwurms (Lair:5)
  11 deep elf pyromancers
  2 orb spiders (Spider:1)
  A deep elf zephyrmancer (D:11)
  A phantasmal warrior (D:13)
  A wizard (D:13)
  9 wolf spiders
  3 orc knights
  4 orc sorcerers
  12 ugly things
  6 cyclopes
  4 manticores
  12 elephants (Lair:5)
  2 moths of wrath (Spider:1)
  2 black mambas
  3 torpor snails
  An orange demon (D:11)
  2 gargoyles (D:13)
  9 cane toads
  6 rime drakes
  A kobold demonologist (D:11)
  Psyche (D:8)
  A demonic crawler (Spider:1)
  An efreet (D:14)
  A freezing wraith (D:13)
  An unseen horror (D:12)
  8 komodo dragons
  9 trolls
  2 polar bears (Lair:5)
  A wolf spider simulacrum (D:15)
  9 slime creatures (D:15)
  A blink frog (shapeshifter) (D:13)
  7 tarantellas
  A hornet (Lair:4)
  2 tyrant leeches (Lair:3)
  A tarantella (shapeshifter) (D:13)
  3 dream sheep (Lair:4)
  18 blink frogs
  19 jumping spiders
  3 vampires
  3 wyverns
  2 shadows
  12 culicivoras
  2 wraiths
  6 basilisks
  41 yaks
  Grum (D:10)
  A steam dragon (D:6)
  13 redbacks (Spider:1)
  14 vampire mosquitoes
  2 wargs
  2 swamp worms (Lair:3)
  12 water moccasins
  An acid dragon (D:12)
  2 ice beasts
  A sky beast (D:6)
  32 orc warriors
  3 black bears
  50 wolves
  6 ogres
  3 centaurs
  3 lemures
  4 phantoms
  2 kobold brigands
  A necrophage (D:6)
  2 gnoll sergeants
  9 bullfrogs
  4 scorpions
  4 wights (D:8)
  4 killer bees (D:10)
  2 howler monkeys (D:9)
  2 electric eels
  A hound (D:6)
  4 jellies
  17 orc priests
  A gnoll bouda (D:8)
  Ijyb (D:4)
  An iguana (D:7)
  21 orc wizards
  16 gnolls
  17 adders
  2 shadow imps
  2 white imps
  3 ufetubi
  A worm (D:2)
  2 dart slugs
  63 orcs
  4 bats
  7 endoplasms
  2 giant cockroaches (D:1)
  5 goblins
  7 hobgoblins
  8 jackals
  24 kobolds
  5 quokkas
  5 ball pythons
  2 frilled lizards (D:2)
  12 rats
727 creatures vanquished.

Vanquished Creatures (collateral kills)
  A hydra (Lair:2)
  An orb spider (Spider:1)
  A tarantella (Spider:1)
  2 jumping spiders (Spider:1)
  4 yaks (Lair:2)
  An orc warrior (D:11)
  A wolf (D:9)
  A bullfrog (Lair:2)
  4 orcs (D:11)
16 creatures vanquished.

Vanquished Creatures (others)
  A redback (Spider:1)
  A centaur (D:9)
  A kobold (D:8)
  38 fungi
  73 plants
114 creatures vanquished.

Grand Total: 857 creatures vanquished

Notes
Turn   | Place    | Note
-------+----------+-------------------------------------------
     0 | D:1      | fleeber the Minotaur Berserker began the quest for the Orb.
     0 | D:1      | Reached XP level 1. HP: 19/19 MP: 0/0
   157 | D:1      | Reached skill level 4 in Axes
   157 | D:1      | Reached XP level 2. HP: 25/27 MP: 1/1
   384 | D:1      | Found a faded altar of an unknown god.
   544 | D:1      | Reached XP level 3. HP: 26/33 MP: 2/2
   692 | D:1      | Reached ** piety under Trog
  1289 | D:2      | Reached skill level 5 in Axes
  2013 | D:2      | Reached XP level 4. HP: 41/41 MP: 3/3
  2286 | D:2      | Found a hazy altar of Hepliaklqana.
  2506 | D:3      | Found a sacrificial altar of Ru.
  3186 | D:3      | Found a burning altar of Makhleb.
  3520 | D:4      | Noticed Ijyb
  3520 | D:4      | Found a shimmering altar of Xom.
  3535 | D:4      | Killed Ijyb
  3536 | D:4      | Reached XP level 5. HP: 35/47 MP: 4/4
  3924 | D:4      | Reached skill level 6 in Axes
  3924 | D:4      | Reached skill level 1 in Evocations
  4078 | D:4      | Found a basalt altar of Yredelemnul.
  4129 | D:4      | Reached XP level 6. HP: 55/55 MP: 5/5
  4193 | D:4      | Found a sparkling altar of Nemelex Xobeh.
  4204 | D:4      | Found a shimmering blue altar of Sif Muna.
  4384 | D:5      | Entered Level 5 of the Dungeon
  4408 | D:5      | Identified the +5 kite shield of the Learner {Will+}
  5191 | D:5      | Reached skill level 1 in Shields
  5557 | D:6      | Found a stormy altar of Qazlal.
  5557 | D:6      | Noticed an orc warrior
  5566 | D:6      | Reached XP level 7. HP: 59/60 MP: 6/6
  5566 | D:6      | Reached *** piety under Trog
  5575 | D:6      | Reached skill level 5 in Fighting
  5800 | D:6      | Reached skill level 7 in Axes
  5800 | D:6      | Reached skill level 5 in Armour
  5890 | D:6      | Found Ippidd's Weapon Shop.
  6071 | D:6      | Reached XP level 8. HP: 62/68 MP: 7/7
  6328 | D:6      | Reached skill level 5 in Shields
  6655 | D:7      | Reached skill level 8 in Axes
  6945 | D:7      | Noticed Pikel
  7014 | D:6      | Killed Pikel
  7015 | D:6      | Reached XP level 9. HP: 45/75 MP: 8/8
  7322 | D:7      | Found a snail-covered altar of Cheibriados.
  7344 | D:7      | Found Anakh's Antique Armour Shop.
  7347 | D:7      | Bought a pair of boots for 108 gold pieces
  7503 | D:7      | Reached skill level 9 in Axes
  7623 | D:7      | Found a staircase to the Ecumenical Temple.
  7680 | D:7      | Found a radiant altar of Vehumet.
  8003 | D:8      | Reached **** piety under Trog
  8024 | D:8      | Found an ancient bone altar of Kikubaaqudgha.
  8024 | D:8      | Found a broken altar of Ashenzari.
  8043 | D:8      | Found a staircase to the Lair.
  8153 | D:8      | Noticed Psyche
  8171 | D:8      | Killed Psyche
  8631 | D:9      | Reached skill level 10 in Axes
  8637 | D:9      | Noticed a brown ugly thing
  8654 | D:9      | Killed a brown ugly thing
  8655 | D:9      | Reached XP level 10. HP: 80/84 MP: 9/9
  9590 | D:9      | Reached skill level 5 in Evocations
  9652 | D:10     | Entered Level 10 of the Dungeon
  9692 | D:10     | Noticed Grum
  9948 | D:10     | Killed Grum
 10183 | D:9      | Reached skill level 11 in Axes
 10452 | D:10     | Noticed a +0 spear
 10453 | D:10     | Noticed a +0 spear
 10453 | D:10     | Noticed a +0 dagger
 10454 | D:10     | Noticed a +0 short sword
 10454 | D:10     | Noticed a +0 short sword
 10455 | D:10     | Noticed a +0 falchion
 10664 | D:10     | Noticed a +0 dagger
 10666 | D:10     | Noticed a +0 falchion
 10995 | D:10     | Found a hide-covered altar of Uskayaw.
 11032 | D:10     | Found a portal to a secret trove of treasure.
 11473 | D:11     | Noticed an orange demon
 11473 | D:11     | Noticed Amaemon
 11504 | D:11     | Killed an orange demon
 11600 | D:11     | Noticed Urug
 11620 | D:11     | Killed Urug
 11621 | D:11     | Reached skill level 10 in Shields
 11809 | D:11     | Noticed Erica
 11814 | D:11     | Noticed a boulder beetle
 11939 | D:10     | Killed Erica
 11940 | D:10     | Reached skill level 5 in Dodging
 11940 | D:10     | Reached XP level 11. HP: 31/92 MP: 2/10
 12365 | D:11     | Killed a boulder beetle
 12699 | D:11     | Reached skill level 12 in Axes
 13000 | D:11     | Killed Amaemon
 13261 | D:11     | Noticed a four-headed hydra
 13301 | D:11     | Killed a 13-headed hydra
 13770 | D:11     | Noticed a two-headed ogre
 13787 | D:11     | Killed a two-headed ogre
 14107 | D:11     | Found a staircase to the Orcish Mines.
 14247 | Lair:1   | Entered Level 1 of the Lair of Beasts
 15886 | Lair:1   | Gained mutation: Your magical capacity is low. (-10% MP)
                  | [potion of mutation]
 15886 | Lair:1   | Gained mutation: You expend magic power (3 MP) to
                  | strengthen your wands. [potion of mutation]
 15886 | Lair:1   | Gained mutation: A frigid envelope surrounds you and
                  | freezes all who hurt you. [potion of mutation]
 16287 | Lair:1   | Reached skill level 13 in Axes
 16287 | Lair:1   | Reached XP level 12. HP: 81/103 MP: 0/9
 16592 | Lair:2   | Noticed an eight-headed hydra
 16628 | Lair:2   | Killed an eight-headed hydra
 16911 | Lair:2   | Found a runed translucent gate.
 16911 | Lair:2   | Found a runed translucent gate.
 16912 | Lair:2   | Found a runed translucent gate.
 16917 | Lair:2   | Noticed hawla's ghost (journeyman MeFE)
 17350 | Lair:2   | Found a hole to the Spider Nest.
 17522 | Lair:2   | Reached skill level 10 in Fighting
 18175 | Lair:3   | Identified the +5 dagger of Gewk {holy, rC+ Will+ Str+2}
 18319 | Lair:3   | Noticed a catoblepas
 18340 | Lair:3   | Killed a catoblepas
 18341 | Lair:3   | Reached skill level 14 in Axes
 19023 | Lair:3   | Reached ***** piety under Trog
 19362 | Lair:3   | Found a staircase to the Swamp.
 19925 | Lair:3   | Reached skill level 10 in Armour
 19926 | Lair:3   | Reached XP level 13. HP: 102/116 MP: 0/10
 20261 | Lair:4   | Reached skill level 15 in Axes
 20547 | Lair:4   | Noticed Snorg
 20570 | Lair:4   | Killed Snorg
 20887 | Lair:4   | Paralysed by a hornet for 1 turns
 21505 | Lair:4   | Received a gift from Trog
 22700 | Lair:5   | Entered Level 5 of the Lair of Beasts
 23215 | Lair:5   | Reached skill level 16 in Axes
 23519 | Lair:5   | Identified the +1 lajatang "Realae" {spect, +Blink rElec}
 24119 | Lair:4   | Reached XP level 14. HP: 111/129 MP: 0/11
 24370 | Lair:5   | Found a staircase to the Slime Pits.
 25424 | Lair:5   | Identified the +3 leather armour "Eqyire" {Dex+3}
 25427 | Lair:5   | Identified the +0 scale mail of Kogganta {rPois rN+ Str+5}
 25633 | Lair:4   | Reached skill level 17 in Axes
 26742 | D:12     | Identified the +9 whip of Oozing Pus {vorpal, Fragile Str+2
                  | Int+3 Dex+3}
 26791 | D:12     | Identified the +1 robe of Inviolability {-Cast rPois rC++
                  | rCorr}
 28030 | Orc:1    | Entered Level 1 of the Orcish Mines
 28121 | Orc:1    | Found a burning altar of Makhleb.
 28422 | Orc:1    | Reached skill level 15 in Shields
 28660 | Orc:1    | Reached skill level 15 in Fighting
 29251 | Orc:2    | Entered Level 2 of the Orcish Mines
 29511 | Orc:2    | Received a gift from Trog
 30071 | Orc:2    | Found a staircase to the Elven Halls.
 30493 | Orc:2    | Noticed an orc warlord
 30605 | Orc:1    | Killed an orc warlord
 30888 | Orc:2    | Reached XP level 15. HP: 135/141 MP: 7/12
 31249 | Orc:2    | Found Fyoval's Antique Armour Emporium.
 31256 | Orc:2    | Found Dunio's Jewellery Emporium.
 31326 | Orc:2    | Bought a pair of masterwork boots for 285 gold pieces
 31326 | Orc:2    | Identified the +1 pair of boots of the Desert {rC+ Str+4}
                  | (You bought it in a shop on level 2 of the Orcish Mines)
 31448 | Orc:2    | Found Beelag's Antique Weapon Emporium.
 31519 | Orc:2    | Found Kesch's General Store.
 31525 | Orc:2    | Bought a scroll of teleportation for 45 gold pieces
 31525 | Orc:2    | Bought a scroll of magic mapping for 112 gold pieces
 31915 | D:13     | Reached skill level 18 in Axes
 33020 | D:13     | Received a gift from Trog
 33445 | D:13     | Found a gate to the Vaults.
 34746 | D:15     | Entered Level 15 of the Dungeon
 35360 | D:15     | Found a staircase to the Depths.
 35360 | D:15     | Noticed an emperor scorpion
 35372 | D:15     | Killed an emperor scorpion
 35935 | D:15     | Found an iron altar of Okawaru.
 36647 | Spider:1 | Entered Level 1 of the Spider Nest
 36793 | Spider:1 | Received a gift from Trog
 37279 | Spider:1 | Noticed Louise
 37334 | Spider:1 | Killed Louise
 37908 | Spider:1 | Reached XP level 16. HP: 155/155 MP: 8/13
 38846 | Spider:1 | Identified 2 scrolls of acquirement
 39294 | Spider:1 | Noticed Aizul
 39311 | Spider:1 | HP: 6/155 [Aizul/poison arrow (43)]
 39312 | Spider:1 | Killed from afar by Aizul

Illustrated notes

Levels and vault maps discovered:
D:1:      erik_arrival_cave_to_civilisation [erik_arrival_cave_to_hall],
          layout_basic, basic_ecumenical_altar, hangedman_glass_teeth,
          minmay_misc_feat_tower
D:2:      layout_loops_ring, basic_altar, minmay_cupped
D:3:      layout_basic, nicolae_overflow_hidden_temple,
          mainiacjoe_overflow_boulevard, serial_rivers,
          chequers_serial_rivers_small_b, chequers_serial_rivers_micro_d,
          chequers_serial_rivers_room_b, chequers_serial_rivers_micro_b,
          chequers_serial_rivers_room_a, nicolae_elevator_lobby_plus
D:4:      layout_rooms, xom_butterflies, mainiacjoe_overflow_paths,
          mainiacjoe_overflow_catwalk_spiral, grunt_decor_fettered, uniq_ijyb
D:5:      layout_basic
D:6:      layout_basic, lemuel_round_altar, serial_shops,
          nicolae_shop_bloodbath_and_beyond
D:7:      layout_loops_ring, old_standard_altar, nicolae_vehumet_altar_sigil,
          minmay_temple_entry_nine_rooms, serial_shops, kennysheep_mini,
          uniq_pikel
D:8:      layout_rooms, mainiacjoe_overflow_large_starburst, lair_entry_dummy,
          uniq_psyche
D:9:      lemuel_ice_spiral_2, layout_irregular_city, kennysheep_generic_room_4
D:10:     layout_basic, nicolae_uskayaw_en_pointe, enter_trove_2, uniq_grum
D:11:     layout_basic, david_orc_4, uniq_amaemon, uniq_erica, uniq_urug
D:12:     layout_gridville
D:13:     layout_irregular_city, david_vaults_1
D:14:     layout_cave_pods, serial_bayou_pond_a
D:15:     hangedman_depths_entry_try_elsewhere_first, layout_rooms,
          okawaru_gym_becter
Lair:1:   layout_layer_cave
Lair:2:   layout_long_grid, hellmonk_spider_entry_life_and_decay,
          gammafunk_ghost_icy, gauntlet_entry_generic
Lair:3:   layout_roguey, minmay_swamp_entry_worms, infiniplex_staircase_pool
Lair:4:   minmay_lair_venomous_thicket, layout_cave_pods,
          grunt_forest_large_clearings, uniq_snorg
Lair:5:   grunt_lair_end_beastmaster, layout_cave_pods, slime_entry_1,
          nicolae_lair_lindhole
Spider:1: layout_spider_delve, uniq_aizul, uniq_louise
Orc:1:    layout_caves, basic_altar, elves_outpost_lemuel
Orc:2:    grunt_orc_cross, layout_caves

Skill      XL: |  1  2  3  4  5  6  7  8  9 10 11 12 13 14 15 16 |
---------------+-------------------------------------------------+-----
Axes           | 4 5 6 7 8 10 11 13 14 16 17 18 | 18.0
Fighting       | 4 5 6 7 8 11 13 15 17 | 17.4
Armour         | 3 4 5 6 8 9 10 11 12 13 | 13.7
Dodging        | 3 5 6 7 8 |  8.1
Evocations     | 1 2 3 4 5 6 7 8 |  8.6
Shields        | 1 4 6 8 10 11 12 14 15 16 17 | 17.1

Action                   |  1- 3 |  4- 6 |  7- 9 | 10-12 | 13-15 | 16-18 || total
-------------------------+-------+-------+-------+-------+-------+-------++-------
Melee: Hand axe          |    90 |   179 |       |       |       |       ||   269
       Headbutt          |    13 |    22 |    57 |   127 |   251 |    25 ||   495
       Punch             |       |     1 |       |       |       |       ||     1
       War axe           |       |     7 |   265 |    52 |   313 |   119 ||   756
       Broad axe         |       |       |       |   523 |   674 |       ||  1197
Throw: Stone             |       |       |     2 |    19 |     5 |       ||    26
Invok: Berserk           |     1 |     2 |     2 |     1 |     2 |       ||     8
       Brothers in Arms  |       |       |       |     4 |     3 |     2 ||     9
       Trog's Hand       |       |       |       |     3 |     5 |     1 ||     9
Evoke: Lightning rod     |       |       |       |     4 |     2 |       ||     6
       Wand              |       |       |       |     1 |       |       ||     1
  Use: Potion            |       |       |       |     7 |     5 |     6 ||    18
       Scroll            |       |       |       |     3 |    13 |     5 ||    21
 Stab: Sleeping          |     2 |       |       |       |       |       ||     2
Armor: Animal skin       |    18 |       |       |       |       |       ||    18
       Scale mail        |       |    44 |       |       |       |       ||    44
       Chain mail        |       |    30 |    59 |       |       |       ||    89
       Plate armour      |       |       |    28 |   217 |   352 |    47 ||   644
Dodge: Dodged            |    66 |    78 |    52 |   110 |   181 |    37 ||   524
Block: Kite shield       |       |    32 |   214 |   590 |  1010 |   165 ||  2011
       Reflection        |       |       |     7 |     6 |    33 |     1 ||    47
